 Dungeon Sprint DCSS version 0.27-a0-808-g60bc5d92e6 (webtiles) character file.

Game seed: 16147519057466724598

63207 mhtbhm the Cutthroat (level 15, -28/119 HPs)
             Began as a Kobold Berserker on Mar 28, 2021.
             Was the Champion of Trog.
             Killed from afar by Cerebov (48 damage)
             ... with an iron shot
             ... in the Dungeon (Sprint IX: "|||||||||||||||||||||||||||||").
             The game lasted 00:12:16 (5606 turns).

mhtbhm the Cutthroat (Kobold Berserker)             Turns: 5606, Time: 00:12:17

Health: -28/119    AC: 27    Str: 23    XL:     15   Next: 49%
Magic:  15/15      EV: 18    Int:  9    God:    Trog [******]
Gold:   175        SH:  0    Dex: 15    Spells: 14/14 levels left

rFire    + . .     SeeInvis +   a - +6 quick blade
rCold    . . .     Faith    .   (shield restricted)
rNeg     . . .     Spirit   .   b - +2 plate armour {rF+}
rPois    +         Reflect  .   z - +1 helmet {SInv}
rElec    .         Harm     .   s - scarf {repulsion}
rCorr    .         Rampage  +   t - +0 pair of gloves {Str+3}
Will     +++..     NoTele   +   r - +2 pair of boots {rampage}
Stlth    ++++......             u - amulet of regeneration
HPRegen  2.29/turn              i - ring of poison resistance
MPRegen  0.14/turn              m - +2 ring of evasion

@: berserk cooldown, regenerating, hasted, repel missiles, very quick
A: small, no large weapons, nightstalker 3
a: Renounce Religion, Berserk, Trog's Hand, Brothers in Arms


You were in the Dungeon.
You worshipped Trog.
Trog was exalted by your worship.
You visited 1 branch You collected 1935 gold pieces.
You spent 1760 gold pieces at shops.

Inventory:

Hand Weapons
 a - a +6 quick blade (weapon)
Missiles
 q - 8 curare-tipped darts (quivered)
Armour
 b - a +2 plate armour of fire resistance (worn)
 r - a +2 pair of boots of rampaging (worn)
 s - a scarf of repulsion (worn)
 t - a +0 pair of gloves of strength (worn)
 z - a +1 helmet of see invisible (worn)
Jewellery
 i - a ring of poison resistance (left hand)
 m - a +2 ring of evasion (right hand)
 u - an amulet of regeneration (around neck)
 B - a ring of protection from cold
Wands
 j - a wand of acid (1)
Scrolls
 o - 6 scrolls of enchant weapon
 p - 2 scrolls of fog
 v - 5 scrolls of identify
 x - 3 scrolls of enchant armour
Potions
 c - 6 potions of curing
 f - 4 potions of magic
 g - 2 potions of berserk rage
 k - a potion of might
 n - 3 potions of mutation


   Skills:
 + Level 23.2 Fighting
 + Level 25.9 Short Blades
 + Level 16.1 Armour
 + Level 13.7 Dodging
 + Level 20.4 Stealth
 + Level 6.0 Evocations


You had 14 spell levels left.
You didn't know any spells.
Your spell library was empty.

Dungeon Overview and Level Annotations

Branches:
Dungeon (1/1)

Altars:
Cheibriados
Dithmenos
Elyvilon
Fedhas
Gozag
Hepliaklqana
Kikubaaqudgha
Makhleb
Nemelex Xobeh
Okawaru
Qazlal
Ru
Sif Muna
Trog
Uskayaw
Vehumet
Wu Jian
Xom
Yredelemnul
Zin
The Shining One
Beogh
Jiyva
Lugonu

Shops:
D ?*[(

Annotations:
D Cerebov


Innate Abilities, Weirdness & Mutations

You are small and have problems with some larger weapons.
You are completely attuned to the shadows.


Message History

* * * LOW HITPOINT WARNING * * *
The fireball engulfs the balrug.
The balrug completely resists.
You hear a shout!
Something hits your troll!
Your troll is engulfed in flames!!
Your troll dies!
Your troll's corpse disappears in a puff of smoke!
Aiming: Corrosive Bolt
Press: ? - help, Shift-Dir - straight line, f - balrug
Aim: a balrug, wielding a +0 demon whip (grey smoke, moderately wounded, summoned, 33% to evade)
The bolt of acid hits the balrug.
The balrug is splashed with acid.
The acid corrodes the balrug!
The balrug is heavily wounded.
You puncture the balrug!
The balrug is heavily wounded.
You impale the balrug!!
The balrug is severely wounded.
The balrug hits you but does no damage.
You puncture the balrug!
The balrug is almost dead.
You hit the balrug.
The balrug is almost dead.
You barely miss the balrug.
The balrug is almost dead.
The balrug gestures at you.
The sticky flame is repelled.
Unknown command.
You puncture the balrug!
You kill the balrug!
Cerebov is no longer moving quickly.
Cerebov gestures.
Cerebov seems to speed up.
Cerebov shouts, "Back with thee if wit thou hast!"
You feel yourself speed up.
Cerebov gestures.
Cerebov gestures at you. The iron shot hits you!!
* * * LOW HITPOINT WARNING * * *
Cerebov gestures at you. The iron shot hits you!!!
You die...

▓.........'.....)))
▓▓▓▓▓▓▓▓▓▓▓▓▓▓▓▓▓▓▓
▓.......)..........
▓.▓▓▓▓▓▓▓▓▓▓▓▓▓▓▓▓▓
▓......†........'))
▓▓▓▓▓▓▓▓▓▓▓▓▓▓▓▓▓▓▓
▓..................
▓.▓▓▓▓▓▓▓▓▓▓▓▓▓▓▓▓▓
▓.@...&.2...2§§..2§
▓▓▓▓▓▓▓▓▓▓▓▓▓▓▓▓▓▓▓
*,,,,,,,,,,,,,,,,,,
*,*****************
*,,,,,,,,,,,,+,,,,,
*******************
*,,,,,,,,,,,,,,,,,,
*,*****************
*,,,,,,,+,,,,,,,,,,


You could see Cerebov (fast).

Vanquished Creatures
  A sphinx (D)
  A tengu reaver (D)
  A frost giant (D)
  A ghost moth (D)
  2 stone giants (D)
  Nessos (D)
  A bunyip (D)
  An eleionoma (D)
  A merfolk javelineer (D)
  Snorg (D)
  A salamander tyrant (D)
  A fire dragon (D)
  Josephine (D)
  An ironbound thunderhulk (D)
  4 rakshasas (D)
  A hydra (D)
  2 centaur warriors (D)
  A vault guard (D)
  2 merfolk avatars (D)
  A merfolk aquamancer (D)
  An ironbound frostheart (D)
  An ice dragon (D)
  4 ogre magi (D)
  An anaconda (D)
  A death knight (D)
  An alligator (D)
  A deep troll shaman (D)
  3 deep troll earth magi (D)
  2 tengu warriors (D)
  2 spriggan berserkers (D)
  Sonja (D)
  A shock serpent (D)
  An iron troll (D)
  A goliath frog (D)
  3 deep trolls (D)
  2 naga ritualists (D)
  2 spriggan druids (D)
  6 orc knights (D)
  A wizard (D)
  An ironbound convoker (D)
  2 deep elf pyromancers (D)
  An oklob plant (D)
  An orb spider (D)
  2 manticores (D)
  An orc sorcerer (D)
  2 ugly things (D)
  2 cyclopes (D)
  A will-o-the-wisp (D)
  A merfolk siren (D)
  A guardian serpent (D)
  4 black mambas (D)
  A naga mage (D)
  2 komodo dragons (D)
  3 cane toads (D)
  A rime drake (D)
  A yaktaur (D)
  A demonic crawler (D)
  A freezing wraith (D)
  A tyrant leech (D)
  A wind drake (D)
  A merfolk (D)
  2 hornets (D)
  5 trolls (D)
  2 jumping spiders (D)
  A polar bear (shapeshifter) (D)
  3 blink frogs (D)
  A slime creature (D)
  4 tarantellas (D)
  3 yaks (D)
  2 wyverns (D)
  6 wraiths (D)
  Eustachio (D)
  2 basilisks (D)
  2 vampire mosquitoes (D)
  Grum (D)
  2 water moccasins (D)
  8 orc warriors (D)
  A black bear (D)
  An ogre (D)
  2 wolves (D)
  2 bullfrogs (D)
  A scorpion (D)
  A killer bee (D)
  2 orc priests (D)
  An iguana (D)
  2 orc wizards (D)
  A gnoll (D)
  An adder zombie (D)
  4 orcs (D)
  2 goblins (D)
  A quokka (D)
  A ball python skeleton (D)
  A bat (D)
162 creatures vanquished.

Vanquished Creatures (collateral kills)
  2 stone giants (D)
  A bunyip (D)
  2 ice dragons (D)
  A tengu warrior (D)
  A glowing orange brain (D)
  An orc knight (D)
  2 orc warriors (D)
10 creatures vanquished.

Vanquished Creatures (others)
  A fire vortex (D)
  A foxfire (D)
2 creatures vanquished.

Grand Total: 174 creatures vanquished

Notes
Turn   | Place    | Note
-------+----------+-------------------------------------------
     0 | D        | mhtbhm the Kobold Berserker began the quest for the Orb.
     0 | D        | Reached XP level 1. HP: 14/14 MP: 1/1
    17 | D        | Reached ** piety under Trog
    18 | D        | Reached skill level 5 in Short Blades
    18 | D        | Reached XP level 2. HP: 5/20 MP: 2/2
   286 | D        | Noticed an ogre
   286 | D        | Noticed a scorpion
   286 | D        | Noticed a black bear
   291 | D        | Killed an ogre
   292 | D        | Reached skill level 8 in Short Blades
   292 | D        | Reached XP level 3. HP: 28/28 MP: 3/3
   292 | D        | Reached XP level 4. HP: 32/32 MP: 4/4
   297 | D        | Reached *** piety under Trog
   298 | D        | Reached skill level 5 in Dodging
   298 | D        | Reached XP level 5. HP: 34/38 MP: 5/5
   334 | D        | Killed a black bear
   335 | D        | Reached skill level 10 in Short Blades
   335 | D        | Reached XP level 6. HP: 26/45 MP: 6/6
   363 | D        | Found a snail-covered altar of Cheibriados.
   363 | D        | Found a shadowy altar of Dithmenos.
   373 | D        | Found a white marble altar of Elyvilon.
   374 | D        | Found a blossoming altar of Fedhas.
   375 | D        | Found an opulent altar of Gozag.
   376 | D        | Found a hazy altar of Hepliaklqana.
   377 | D        | Found a viscous altar of Jiyva.
   378 | D        | Found an ancient bone altar of Kikubaaqudgha.
   379 | D        | Found a corrupted altar of Lugonu.
   380 | D        | Found a burning altar of Makhleb.
   381 | D        | Found a sparkling altar of Nemelex Xobeh.
   408 | D        | Found an iron altar of Okawaru.
   409 | D        | Found a stormy altar of Qazlal.
   410 | D        | Found a sacrificial altar of Ru.
   411 | D        | Found a shimmering blue altar of Sif Muna.
   412 | D        | Found a bloodstained altar of Trog.
   413 | D        | Found a hide-covered altar of Uskayaw.
   414 | D        | Found a radiant altar of Vehumet.
   415 | D        | Found an ornate altar of the Wu Jian Council.
   416 | D        | Found a shimmering altar of Xom.
   417 | D        | Found a basalt altar of Yredelemnul.
   418 | D        | Found a glowing silver altar of Zin.
   718 | D        | Found a glowing golden altar of the Shining One.
   762 | D        | Noticed a wyvern
   762 | D        | Noticed an orc warrior
   766 | D        | Reached **** piety under Trog
   767 | D        | Noticed a troll
   774 | D        | Killed a wyvern
   775 | D        | Reached skill level 10 in Fighting
   775 | D        | Reached skill level 11 in Short Blades
   775 | D        | Reached XP level 7. HP: 52/52 MP: 7/7
   776 | D        | Noticed a hornet
   783 | D        | Reached skill level 12 in Short Blades
   783 | D        | Reached skill level 5 in Stealth
   788 | D        | Killed a troll
   789 | D        | Reached skill level 13 in Short Blades
   789 | D        | Reached XP level 8. HP: 17/60 MP: 8/8
   794 | D        | Killed a hornet
   795 | D        | Reached skill level 1 in Evocations
  1035 | D        | Noticed a centaur warrior
  1035 | D        | Noticed a deep elf pyromancer
  1035 | D        | Noticed a polar bear
  1036 | D        | Noticed a cyclops
  1037 | D        | Killed a centaur warrior
  1037 | D        | Reached ***** piety under Trog
  1038 | D        | Reached skill level 14 in Short Blades
  1038 | D        | Reached skill level 5 in Armour
  1038 | D        | Reached XP level 9. HP: 66/66 MP: 9/9
  1046 | D        | Killed a deep elf pyromancer
  1047 | D        | Reached skill level 15 in Short Blades
  1047 | D        | Noticed a manticore
  1052 | D        | Killed a polar bear
  1059 | D        | Killed a cyclops
  1060 | D        | Reached skill level 16 in Short Blades
  1072 | D        | Received a gift from Trog
  1073 | D        | Reached skill level 10 in Dodging
  1073 | D        | Reached XP level 10. HP: 61/73 MP: 10/10
  1085 | D        | Killed a manticore
  1431 | D        | Noticed Josephine
  1441 | D        | Killed Josephine
  1442 | D        | Reached skill level 17 in Short Blades
  1442 | D        | Reached skill level 10 in Stealth
  1477 | D        | Received a gift from Trog
  1655 | D        | Noticed a five-headed hydra
  1663 | D        | Killed a five-headed hydra
  1667 | D        | Reached XP level 11. HP: 80/80 MP: 11/11
  1677 | D        | Reached skill level 18 in Short Blades
  1677 | D        | Noticed an oklob plant
  1698 | D        | Reached ****** piety under Trog
  1797 | D        | Killed an oklob plant
  1803 | D        | Received a gift from Trog
  1819 | D        | Reached skill level 15 in Fighting
  1837 | D        | Received a gift from Trog
  1908 | D        | Received a gift from Trog
  1919 | D        | Reached skill level 19 in Short Blades
  2168 | D        | Noticed Sonja
  2172 | D        | Killed Sonja
  2177 | D        | Noticed Grum
  2188 | D        | Reached XP level 12. HP: 86/88 MP: 12/12
  2192 | D        | Killed Grum
  2250 | D        | Noticed Eustachio
  2258 | D        | Killed Eustachio
  2258 | D        | Received a gift from Trog
  2259 | D        | Reached skill level 10 in Armour
  2326 | D        | Reached skill level 15 in Stealth
  2340 | D        | Received a gift from Trog
  2431 | D        | Received a gift from Trog
  2456 | D        | Reached skill level 20 in Short Blades
  2570 | D        | Received a gift from Trog
  2881 | D        | Noticed a deep troll
  2881 | D        | Noticed an ogre mage
  2882 | D        | Noticed an ogre mage
  2891 | D        | Killed a deep troll
  2892 | D        | Reached skill level 5 in Evocations
  2892 | D        | Noticed a deep troll
  2896 | D        | Killed an ogre mage
  2897 | D        | Found Xaofef's Magic Scroll Emporium.
  2897 | D        | Noticed an iron troll
  2910 | D        | Killed an ogre mage
  2911 | D        | Found Fougo's Assorted Antiques.
  2917 | D        | Killed a deep troll
  2917 | D        | Received a gift from Trog
  2936 | D        | Killed an iron troll
  3217 | D        | Reached skill level 21 in Short Blades
  3222 | D        | Noticed a deep troll
  3236 | D        | Killed a deep troll
  3237 | D        | Reached XP level 13. HP: 94/96 MP: 13/13
  3249 | D        | Noticed an ogre mage
  3251 | D        | Noticed an ogre mage
  3261 | D        | Killed an ogre mage
  3269 | D        | Killed an ogre mage
  3338 | D        | Found Jafunaru's Armour Emporium.
  3340 | D        | Found Sakhinel's Antique Weapon Shoppe.
  3345 | D        | Noticed a stone giant
  3372 | D        | Killed a stone giant
  3372 | D        | Received a gift from Trog
  3428 | D        | Bought a scroll of acquirement for 728 gold pieces
  3432 | D        | Bought a scarf of repulsion for 132 gold pieces
  3432 | D        | Bought a +0 pair of gloves of strength for 126 gold pieces
  3438 | D        | Bought a small malachite amulet for 150 gold pieces
  3438 | D        | Bought a scroll of blinking for 225 gold pieces
  3440 | D        | Bought a scroll of identify for 28 gold pieces
  3440 | D        | Bought a scroll of fog for 28 gold pieces
  3440 | D        | Bought a scroll of magic mapping for 49 gold pieces
  3440 | D        | Bought a scroll of identify for 28 gold pieces
  3440 | D        | Bought a scroll of fog for 28 gold pieces
  3440 | D        | Bought a scroll of enchant armour for 105 gold pieces
  3440 | D        | Bought a scroll of summoning for 133 gold pieces
  3463 | D        | Acquired a +2 pair of boots of rampaging
  3683 | D        | Noticed a centaur warrior
  3694 | D        | Identified the +4 short sword "Zuram" {vorpal, Str+3} (Trog
                  | gifted it to you in the Dungeon)
  3694 | D        | Received a gift from Trog
  3712 | D        | Reached skill level 22 in Short Blades
  3719 | D        | Killed a centaur warrior
  3728 | D        | Noticed a rakshasa
  3734 | D        | Noticed a tengu reaver
  3754 | D        | Noticed a stone giant
  3757 | D        | Killed a tengu reaver
  3757 | D        | Received a gift from Trog
  3758 | D        | Noticed a stone giant
  3767 | D        | Killed a rakshasa
  3788 | D        | Killed a stone giant
  3928 | D        | Noticed Nessos
  3930 | D        | Killed Nessos
  3931 | D        | Reached skill level 23 in Short Blades
  4118 | D        | Noticed an anaconda
  4122 | D        | Reached XP level 14. HP: 108/108 MP: 14/14
  4126 | D        | Received a gift from Trog
  4164 | D        | Received a gift from Trog
  4438 | D        | Received a gift from Trog
  4439 | D        | Reached skill level 24 in Short Blades
  4511 | D        | Noticed a bunyip
  4710 | D        | Noticed a bunyip
  4729 | D        | Killed a bunyip
  4729 | D        | Received a gift from Trog
  4769 | D        | Killed a bunyip
  4978 | D        | Noticed a ghost moth
  5003 | D        | Killed a ghost moth
  5145 | D        | Noticed Snorg
  5147 | D        | Killed Snorg
  5192 | D        | Identified the +6 rapier of Obierch {antimagic, rElec}
                  | (Trog gifted it to you in the Dungeon)
  5192 | D        | Received a gift from Trog
  5193 | D        | Noticed a frost giant
  5226 | D        | Killed a frost giant
  5226 | D        | Received a gift from Trog
  5227 | D        | Reached skill level 25 in Short Blades
  5227 | D        | Reached XP level 15. HP: 83/116 MP: 15/15
  5240 | D        | Reached skill level 15 in Armour
  5240 | D        | Noticed a stone giant
  5250 | D        | Received a gift from Trog
  5265 | D        | Noticed a sphinx
  5275 | D        | Killed a stone giant
  5294 | D        | Killed a sphinx
  5297 | D        | Noticed a stone giant
  5314 | D        | Received a gift from Trog
  5332 | D        | Killed a stone giant
  5459 | D        | Received a gift from Trog
  5536 | D        | Noticed a nagaraja
  5536 | D        | Found the +6 sword of Cerebov {flame}
  5536 | D        | Noticed Cerebov
  5572 | D        | HP: 5/119 [Cerebov/the +6 sword of Cerebov {flame} (18)]
  5574 | D        | Noticed a balrug
  5574 | D        | Noticed a balrug
  5578 | D        | HP: 2/119 [Cerebov/great blast of fire (53)]
  5601 | D        | Noticed a balrug
  5606 | D        | Killed from afar by Cerebov

Illustrated notes

Levels and vault maps discovered:
D:        linesprint [early_d, line_temple, items_1, d_10, items_2, lair_1,
          lair_end, items_3, orc_1, orc_end, items_4, d_15, swamp_1, shoals_1,
          snake_1, spider_1, d_20, vaults_1, items_5, swamp_end, shoals_end,
          snake_end, spider_end, vaults_end, d_27, items_6, zot_1, zot_end,
          crypt_end, forest_end, elf_end, slime_end, tomb_end, abyss_end,
          pan_hell_end]

Skill      XL: |  1  2  3  4  5  6  7  8  9 10 11 12 13 14 15 |
---------------+----------------------------------------------+-----
Fighting       | 4 6 7 8 10 11 12 13 14 15 17 20 22 23 | 23.2
Short Blades   | 5 8 10 11 13 14 16 17 19 21 23 25 | 25.9
Dodging        | 3 4 5 6 7 9 10 11 12 13 | 13.7
Armour         | 2 3 4 5 6 8 9 10 12 14 16 | 16.1
Stealth        | 2 3 4 5 7 8 10 14 17 18 19 20 | 20.4
Evocations     | 2 4 5 6 |  6.0

Action                   |  1- 3 |  4- 6 |  7- 9 | 10-12 | 13-15 || total
-------------------------+-------+-------+-------+-------+-------++-------
Melee: Short sword       |    14 |    14 |       |       |       ||    28
       Rapier            |       |    10 |    42 |   276 |       ||   328
       Quick blade       |       |       |       |    85 |   628 ||   713
Invok: Berserk           |     2 |     2 |     1 |     8 |    13 ||    26
       Brothers in Arms  |       |       |       |     1 |     5 ||     6
       Trog's Hand       |       |       |       |       |     1 ||     1
Evoke: Wand              |       |       |     4 |     3 |     2 ||     9
  Use: Scroll            |       |       |     1 |     1 |     7 ||     9
       Potion            |       |       |     1 |     3 |     8 ||    12
 Stab: Sleeping          |     2 |       |     1 |    10 |     5 ||    18
       Invisible         |       |       |       |     3 |       ||     3
       Distracted        |       |       |       |     2 |     1 ||     3
Armor: Animal skin       |       |     1 |       |       |       ||     1
       Scale mail        |       |     1 |     5 |    22 |       ||    28
       Plate armour      |       |       |       |     9 |   103 ||   112
Dodge: Dodged            |     8 |    11 |    26 |   140 |   146 ||   331
       Repelled          |       |       |       |       |     2 ||     2

Table legend: (Time is in decaauts)
 A = Elapsed time spent in this place.
 B = Non-inter-level travel time spent in this place.
 C = Inter-level travel time spent in this place.
 D = Time resting spent in this place.
 E = Time spent auto-exploring this place.
 F = Levels seen in this place.
 G = Mean time per level.
                   A        B        C        D        E       F      G
               +--------+--------+--------+--------+--------+-----+--------+
         Total |   5180 |   5180 |      0 |   3016 |    712 |   1 | 5180.0 |
       Dungeon |   5180 |   5180 |      0 |   3016 |    712 |   1 | 5180.0 |
               +--------+--------+--------+--------+--------+-----+--------+

Top non-repeatable levels by time:
       D: 5180 daAuts
